AoeStats
← Seeker

Arabia

505360108Analyzed
3v3 RM · 22d ago on Sep 9, 2026· 52m 58s· 6 players
Game mode
Random Map
Map size
Normal (6 player)
Population
200
Speed
Normal
Resources
Standard
Victory
Conquest
Starting age
Dark Age
Ending age
Imperial Age
RankedLock teamsTeams togetherTeam positionsShared explorationLock speedFull tech treeHidden civsTurbo modeCheats
Victory
Defeat
🇨🇦 Hindustanis · Canada
1088
+15
🇲🇽 Teutons · Mexico
1066
+15
🇨🇦 Vietnamese · Canada
1052
+16
🇨🇱 Vietnamese · Chile
1088
-16
1082
-17
🇨🇱 Romans · Chile
997
-13
borraznajera
0:28 Loom
10:38 Feudal Age
11:28 Double-Bit Axe
11:50 Gold Mining
11:58 Town Watch
12:00 Horse Collar
13:29 Bloodlines
18:24 Wheelbarrow
21:29 Scale Barding Armor
21:25 Scale Mail Armor
21:36 Forging
27:18 Castle Age
28:35 Chain Barding Armor
28:31 Chain Mail Armor
28:51 Iron Casting
28:14 Stone Mining
28:27 Heavy Plow
28:41 Bow Saw
28:53 Town Patrol
29:01 Arson
29:17 Squires
29:04 Gambesons
30:29 Padded Archer Armor
32:18 Hand Cart
31:30 Pikeman
33:13 Stone Shaft Mining
41:45 Imperial Age
41:48 Ironclad
42:45 Cavalier
44:49 Two-Man Saw
44:21 Crop Rotation
45:11 Plate Barding Armor
45:07 Plate Mail Armor
45:23 Conscription
46:36 Blast Furnace
48:08 Hoardings
49:21 Block Printing
48:29 Paladin
49:13 Elite Teutonic Knight
49:51 Sappers
50:41 Leather Archer Armor
50:17 Fletching
BiggM4k
0:50 Loom
11:37 Feudal Age
14:32 Double-Bit Axe
14:36 Horse Collar
20:17 Castle Age
19:32 Fletching
19:43 Padded Archer Armor
19:36 Gold Mining
21:54 Wheelbarrow
21:07 Crossbowman
23:12 Leather Archer Armor
23:36 Bodkin Arrow
27:25 Hand Cart
27:37 Ballistics
28:04 Thumb Ring
28:04 Stone Mining
28:21 Squires
27:42 Pikeman
35:01 Imperial Age
32:10 Elite Skirmisher
35:51 Bracer
36:56 Chemistry
35:29 Imperial Skirmisher
37:19 Arbalester
38:50 Ring Archer Armor
43:23 Elite Rattan Archer
44:25 Paper Money
46:36 Bow Saw
46:32 Heavy Plow
46:19 Town Watch
MA
1:11 Loom
10:47 Feudal Age
12:44 Double-Bit Axe
12:41 Horse Collar
20:55 Castle Age
20:02 Scale Barding Armor
20:07 Stone Mining
24:01 Chain Barding Armor
23:55 Bow Saw
25:56 Gold Mining
29:20 Husbandry
33:23 Wheelbarrow
33:11 Murder Holes
36:02 Imperial Age
36:43 Gold Shaft Mining
37:03 Stone Shaft Mining
36:47 Hand Cart
36:21 Heavy Camel Rider
38:35 Forging
39:50 Chemistry
41:06 Plate Barding Armor
41:20 Iron Casting
40:46 Scale Mail Armor
41:48 Imperial Camel Rider
44:37 Blast Furnace
43:28 Fletching
43:38 Padded Archer Armor
44:39 Conscription
44:20 Grand Trunk Road
45:28 Ballistics
45:27 Chain Mail Armor
46:55 Town Watch
47:09 Bodkin Arrow
48:24 Elite Ghulam
51:02 Town Patrol
51:14 Masonry
52:40 Two-Man Saw
51:47 Heavy Plow
Seeker
9:12 Loom
10:58 Feudal Age
12:25 Double-Bit Axe
16:12 Fletching
25:21 Castle Age
26:32 Crossbowman
27:47 Bodkin Arrow
29:01 Bow Saw
30:55 Thumb Ring
31:33 Horse Collar
33:28 Padded Archer Armor
34:28 Wheelbarrow
34:55 Ballistics
38:56 Imperial Age
43:28 Chemistry
44:12 Bracer
TomyShelby CABALLEROSUPERELEGANT
8:06 Loom
12:47 Feudal Age
16:25 Castle Age
15:16 Double-Bit Axe
19:21 Bow Saw
19:55 Wheelbarrow
22:28 Forging
24:28 Squires
26:10 Pikeman
27:28 Iron Casting
27:28 Scale Barding Armor
29:06 Husbandry
31:35 Chain Barding Armor
35:35 Imperial Age
40:18 Blast Furnace
39:18 Scale Mail Armor
45:01 Cavalier
46:36 Chain Mail Armor
47:13 #83
PotroLeyan
2:53 Loom
11:19 Feudal Age
11:37 Man-at-Arms
14:48 Double-Bit Axe
21:18 Castle Age
21:35 Horse Collar
34:15 Wheelbarrow
37:30 Hand Cart
40:43 Imperial Age
38:05 Elite Skirmisher
38:23 Pikeman
40:57 Husbandry
40:53 Cavalier
41:05 Heavy Scorpion
43:00 Masonry
42:40 Cavalier
45:02 Scale Barding Armor
Connection lost

Rejoining the realm…

Still unreachable

The connection could not be restored.

Session expired

The server has moved on; the page needs a fresh start.